 Dungeon Crawl Stone Soup version 0.31-a0-151-ge443d1f16c (webtiles) character file.

Game seed: 11169075230030756069

1618 qw the Skirmisher (level 8, -2/70 HPs)
             Began as a Minotaur Hunter on June 8, 2023.
             Slain by Pikel
             ... wielding a +2 whip of flaming
              (6 damage)
             ... on level 6 of the Dungeon.
             The game lasted 00:02:03 (4794 turns).

qw the Skirmisher (Minotaur Hunter)                 Turns: 4794, Time: 00:02:04

Health: -2/70      AC:  8    Str: 15    XL:     8   Next: 64%
Magic:  7/7        EV: 15    Int:  6    God:
Gold:   224        SH:  0    Dex: 23    Spells: 7/7 levels left

rFire   . . .        e - +0 orcbow
rCold   + + .        (shield currently unavailable)
rNeg    . . .        i - +2 leather armour {rC+}
rPois   .            (helmet restricted)
rElec   .            a - +0 cloak
rCorr   .            (no gloves)
SInv    .            k - +0 pair of boots
Will    .....        (no amulet)
Stlth   ++           b - ring of protection from cold
HPRegen 0.31/turn    j - +6 ring of dexterity
MPRegen 0.10/turn

%: no passive effects
@: about to teleport
A: horns 2, retaliatory headbutt, mutation resistance 1
a: no special abilities


You were on level 6 of the Dungeon.
You visited 2 branches of the dungeon, and saw 7 of its levels.

You collected 350 gold pieces.
You spent 126 gold pieces at shops.


Innate Abilities, Weirdness & Mutations

You have a pair of horns on your head.
You reflexively headbutt those who attack you in melee.
You are somewhat resistant to further mutation.


   Skills:
 + Level 6.0 Fighting
 - Level 10.0 Ranged Weapons
 - Level 4.4 Armour
 - Level 5.0 Dodging
 - Level 0.7 Stealth


You had 7 spell levels left.
You didn't know any spells.
Your spell library was empty.

Inventory:

Hand Weapons
 e - a +0 orcbow (weapon)
Armour
 a - a +0 cloak (worn)
 i - a +2 leather armour of cold resistance (worn)
 k - a +0 pair of boots (worn)
Jewellery
 b - a ring of protection from cold (left hand)
 j - a +6 ring of dexterity (right hand)
Wands
 o - a wand of digging (3)
Scrolls
 c - a scroll of teleportation
 d - a scroll of fog {unknown}
 f - a scroll of identify
Potions
 g - a potion of haste
 h - 2 potions of mutation
 l - a potion of lignification {unknown}
 m - 2 potions of might
 n - a potion of heal wounds {unknown}
 p - a potion of ambrosia {unknown}

Dungeon Overview and Level Annotations

Branches:
Dungeon (6/15)             Temple (1/1) D:4

Altars:
Ashenzari
Cheibriados
Dithmenos
Fedhas
Gozag
Hepliaklqana
Nemelex Xobeh
Okawaru
Qazlal
Ru
Sif Muna
Uskayaw
Wu Jian
Xom
Yredelemnul
Zin
The Shining One

Shops:
D:3 *

Annotations:
D:6 1 runed translucent door, Pikel; qw's ghost, novice GrFi


Message History

You shoot an arrow. The arrow closely misses Pikel.
Pikel drinks a potion.
Pikel goes berserk!
You shoot an arrow. The arrow hits the lemure!
The lemure is heavily wounded.
You shoot an arrow. The arrow hits Pikel!
Pikel is moderately wounded.
You shoot an arrow. The arrow closely misses Pikel.
The arrow barely misses the lemure.
Pikel hits you with a +2 whip of flaming.
Pikel burns you.
You shoot an arrow. The arrow hits Pikel.
Pikel is moderately wounded.
Pikel hits you but does no damage. Pikel barely misses you.
You shoot an arrow. The arrow closely misses Pikel.
The arrow barely misses the lemure.
Pikel hits you with a +2 whip of flaming.
Pikel burns you.
You shoot an arrow. The arrow hits Pikel!
Pikel is heavily wounded.
Pikel barely misses you.
Pikel hits you with a +2 whip of flaming!
Pikel burns you.
You shoot an arrow. The arrow hits Pikel.
Pikel is heavily wounded.
Pikel hits you with a +2 whip of flaming!
Pikel burns you.
Pikel hits you with a +2 whip of flaming!
Pikel burns you.
You shoot an arrow.
The arrow hits Pikel but does no damage.
Pikel is heavily wounded.
Pikel hits you with a +2 whip of flaming!
Pikel burns you.
4794 ||| READING 2 scrolls of teleportation.
As you read the scroll of teleportation, it crumbles to dust.
You feel strangely unstable. Pikel closely misses you.
Pikel hits you with a +2 whip of flaming!
Pikel burns you.
You die...

.##.........'.......####+####
#......###..#.......#
#######..#..#......##
#..#......#......+
###.....#######)..##
.......########'#.# #
##...#..##......### ###
#####..###.##....# #..
#..>.###.....@## ###...##.
#....##.......K5.....#......+.
#.....#).....##5.....#......##
#....#.......# ......#.......#
###..##......# .....+.......#
#>..........# .....#.......#
########....## ....#......##
##.#_###.....+ ....#......))
#_....}#.....## #####...##.


You could see Pikel (berserk) and 2 lemures.

Vanquished Creatures
  Grinder (D:4)
  Sigmund (D:4)
  2 orc warriors
  A sky beast (D:6)
  2 ogres
  A scorpion (D:6)
  A gnoll bouda (D:6)
  2 hounds (D:6)
  3 orc priests (D:4)
  Jessica (D:2)
  Terence (D:3)
  4 iguanas
  Natasha (thrice) (D:4)
  5 orc wizards (D:4)
  4 gnolls (D:6)
  7 adders
  A white imp (D:6)
  An ufetubus (D:5)
  4 worms
  A dart slug (D:2)
  18 orcs
  2 bats
  5 endoplasms
  A giant cockroach (D:1)
  9 goblins
  7 hobgoblins
  13 jackals
  3 quokkas
  9 ball pythons
  2 frilled lizards
  7 kobolds
  2 rats
124 creatures vanquished.

Notes
Turn   | Place    | Note
-------+----------+-------------------------------------------
     0 | D:1      | qw the Minotaur Hunter began the quest for the Orb.
     0 | D:1      | Reached XP level 1. HP: 18/18 MP: 0/0
     0 | D:1      | 0 ||| qw: Version: 0.2-a-120-gdf1a93b
     0 | D:1      | 0 ||| qw: Game counter: 3075
     0 | D:1      | 0 ||| qw: Always use a shield: true
     0 | D:1      | 0 ||| qw: God list: Okawaru
     0 | D:1      | 0 ||| qw: Allow faded altars: false
     0 | D:1      | 0 ||| qw: Do Orc after D:15 true
     0 | D:1      | 0 ||| qw: Do second Lair branch before Depths: true
     0 | D:1      | 0 ||| qw: Lair rune preference: random
     0 | D:1      | 0 ||| qw: Plans: Normal
     0 | D:1      | 0 ||| PLANNING D:1-11
   141 | D:1      | Reached XP level 2. HP: 25/25 MP: 1/1
   144 | D:1      | Reached skill level 5 in Ranged Weapons
   457 | D:1      | Reached skill level 3 in Fighting
   668 | D:1      | 668 ||| UPGRADING to +0 ring mail.
   678 | D:1      | 678 ||| DROPPING +0 leather armour.
   679 | D:1      | 679 ||| READING scroll labelled SYNWIT HIJEKH.
   680 | D:1      | 680 ||| DRINKING 2 bubbling grey potions.
   681 | D:1      | 681 ||| DRINKING 2 emerald potions.
   682 | D:1      | 682 ||| DROPPING scroll of butterflies.
   683 | D:1      | 683 ||| DROPPING potion of enlightenment.
   760 | D:2      | Reached skill level 1 in Armour
   760 | D:2      | Reached XP level 3. HP: 31/31 MP: 2/2
  1134 | D:2      | Noticed Jessica
  1138 | D:2      | Killed Jessica
  1190 | D:2      | Reached XP level 4. HP: 38/38 MP: 3/3
  1262 | D:2      | 1262 ||| UPGRADING to ring of protection from cold.
  1263 | D:2      | 1263 ||| READING 2 scrolls labelled XUTUHI CEKH.
  1266 | D:2      | 1266 ||| READING 2 scrolls labelled WAOWYSOLAI.
  1267 | D:2      | 1267 ||| DRINKING 2 orange potions.
  1267 | D:2      | Gained mutation: You are somewhat resistant to further
                  | mutation. [potion of mutation]
  1414 | D:3      | Reached skill level 6 in Ranged Weapons
  1415 | D:3      | Found Ecsoithru's General Store.
  1426 | D:3      | 1426 ||| BUYING +0 pair of boots (54 gold).
  1426 | D:3      | Bought a +0 pair of boots for 54 gold pieces
  1426 | D:3      | 1426 ||| BUYING potion of curing (36 gold).
  1426 | D:3      | Bought a potion of curing for 36 gold pieces
  1426 | D:3      | 1426 ||| SHOPLISTING potion of heal wounds (60 gold, have
                  | 57).
  1426 | D:3      | 1426 ||| BUYING scroll of teleportation (36 gold).
  1426 | D:3      | Bought a scroll of teleportation for 36 gold pieces
  1494 | D:3      | Found a hazy altar of Hepliaklqana.
  1511 | D:3      | 1511 ||| UPGRADING to +0 pair of boots.
  1517 | D:3      | 1517 ||| UPGRADING to +6 ring of dexterity.
  1518 | D:3      | 1518 ||| READING 2 scrolls of identify.
  1518 | D:3      | 1518 ||| IDENTIFYING green potion
  1519 | D:3      | 1519 ||| DROPPING potion of brilliance.
  1524 | D:3      | Noticed Terence
  1533 | D:3      | Killed Terence
  1872 | D:3      | Reached XP level 5. HP: 46/46 MP: 4/4
  1882 | D:3      | 1882 ||| READING scroll labelled TYHINN CEQACK.
  1883 | D:3      | 1883 ||| DRINKING 2 sedimented clear potions.
  1934 | D:4      | Noticed Sigmund
  1937 | D:4      | 1937 ||| DRINKING 4 potions of curing.
  1937 | D:4      | 1937 ||| (to cure confusion)
  1939 | D:4      | 1939 ||| FLEEEEING.
  1940 | D:4      | 1940 ||| FLEEEEING.
  1941 | D:4      | 1941 ||| STAIRDANCE
  1943 | D:4      | 1943 ||| STAIRDANCE
  1945 | D:4      | 1945 ||| STAIRDANCE
  1963 | D:3      | 1963 ||| READING scroll labelled HUFAEL GUWOE.
  1972 | D:4      | 1972 ||| STAIRDANCE
  1974 | D:3      | 1974 ||| DRINKING 3 potions of curing.
  1974 | D:3      | 1974 ||| (to cure confusion)
  1981 | D:4      | Killed Sigmund
  1982 | D:4      | Reached skill level 7 in Ranged Weapons
  1982 | D:4      | Reached XP level 6. HP: 52/52 MP: 5/5
  2034 | D:4      | 2034 ||| FLEEEEING.
  2035 | D:4      | 2035 ||| FLEEEEING.
  2036 | D:4      | 2036 ||| FLEEEEING.
  2037 | D:4      | 2037 ||| FLEEEEING.
  2038 | D:4      | 2038 ||| FLEEEEING.
  2039 | D:4      | 2039 ||| FLEEEEING.
  2040 | D:4      | 2040 ||| FLEEEEING.
  2041 | D:4      | 2041 ||| FLEEEEING.
  2042 | D:4      | 2042 ||| FLEEEEING.
  2043 | D:4      | 2043 ||| FLEEEEING.
  2044 | D:4      | 2044 ||| FLEEEEING.
  2045 | D:4      | 2045 ||| FLEEEEING.
  2046 | D:4      | 2046 ||| FLEEEEING.
  2047 | D:4      | 2047 ||| FLEEEEING.
  2048 | D:4      | 2048 ||| FLEEEEING.
  2049 | D:4      | 2049 ||| FLEEEEING.
  2050 | D:4      | 2050 ||| FLEEEEING.
  2051 | D:4      | 2051 ||| FLEEEEING.
  2052 | D:4      | 2052 ||| STAIRDANCE
  2164 | D:4      | Found a staircase to the Ecumenical Temple.
  2165 | D:4      | 2165 ||| PLANNING TEMPLE
  2165 | D:4      | Noticed Natasha
  2171 | D:4      | Killed Natasha
  2172 | D:4      | Reached skill level 3 in Dodging
  2283 | Temple   | Entered the Ecumenical Temple
  2424 | Temple   | 2424 ||| PLANNING D:1-11
  2458 | D:4      | Noticed Natasha
  2464 | D:4      | Killed Natasha
  2583 | D:4      | Noticed Natasha
  2592 | D:4      | Killed Natasha
  2625 | D:4      | 2625 ||| FLEEEEING.
  2626 | D:4      | 2626 ||| FLEEEEING.
  2627 | D:4      | 2627 ||| FLEEEEING.
  2628 | D:4      | 2628 ||| FLEEEEING.
  2629 | D:4      | 2629 ||| FLEEEEING.
  2630 | D:4      | 2630 ||| FLEEEEING.
  2631 | D:4      | 2631 ||| FLEEEEING.
  2632 | D:4      | 2632 ||| FLEEEEING.
  2633 | D:4      | 2633 ||| FLEEEEING.
  2634 | D:4      | 2634 ||| FLEEEEING.
  2635 | D:4      | 2635 ||| FLEEEEING.
  2636 | D:4      | 2636 ||| FLEEEEING.
  2638 | D:4      | 2638 ||| FLEEEEING.
  2639 | D:4      | 2639 ||| STAIRDANCE
  2658 | D:3      | 2658 ||| UPGRADING to +0 cloak.
  2768 | D:4      | Noticed Grinder
  2789 | D:4      | Killed Grinder
  2790 | D:4      | Reached XP level 7. HP: 19/59 MP: 6/6
  3038 | D:4      | Reached skill level 8 in Ranged Weapons
  3042 | D:4      | 3042 ||| DRINKING 2 potions of curing.
  3042 | D:4      | 3042 ||| (to cure confusion)
  3049 | D:4      | 3049 ||| DRINKING potion of curing.
  3049 | D:4      | 3049 ||| (to cure confusion)
  3609 | D:4      | 3609 ||| UPGRADING to +2 leather armour of cold resistance.
  3619 | D:4      | 3619 ||| DROPPING +0 ring mail.
  3632 | D:4      | 3632 ||| Stepping ~*~*~tactically~*~*~ (outnumbered).
  3662 | D:5      | Entered Level 5 of the Dungeon
  3688 | D:5      | 3688 ||| FLEEEEING.
  3689 | D:5      | 3689 ||| FLEEEEING.
  3692 | D:5      | 3692 ||| FLEEEEING.
  3694 | D:5      | 3694 ||| STAIRDANCE
  3990 | D:5      | Reached XP level 8. HP: 68/68 MP: 7/7
  4056 | D:5      | Found a sparkling altar of Nemelex Xobeh.
  4177 | D:5      | 4177 ||| READING scroll labelled YTUSCH QEMOE.
  4178 | D:5      | 4178 ||| DRINKING 3 fuming white potions.
  4179 | D:5      | 4179 ||| READING 2 scrolls of identify.
  4179 | D:5      | 4179 ||| IDENTIFYING bubbling white potion
  4180 | D:5      | 4180 ||| DROPPING potion of degeneration.
  4231 | D:6      | Reached skill level 9 in Ranged Weapons
  4311 | D:6      | Reached skill level 6 in Fighting
  4470 | D:6      | Found a shadowy altar of Dithmenos.
  4471 | D:6      | 4471 ||| SWAPPING to +0 orcbow.
  4472 | D:6      | 4472 ||| DROPPING +0 heavy shortbow.
  4529 | D:6      | Found a broken altar of Ashenzari.
  4534 | D:6      | Found a sacrificial altar of Ru.
  4537 | D:6      | Found an ornate altar of the Wu Jian Council.
  4538 | D:6      | Found a stormy altar of Qazlal.
  4614 | D:6      | Found a runed translucent door.
  4627 | D:6      | Reached skill level 10 in Ranged Weapons
  4676 | D:6      | Found a basalt altar of Yredelemnul.
  4698 | D:6      | Noticed qw's ghost (novice GrFi)
  4710 | D:6      | Found an iron altar of Okawaru.
  4711 | D:6      | 4711 ||| PLANNING OKAWARU WORSHIP
  4781 | D:6      | Noticed Pikel
  4793 | D:6      | HP: 16/70 [Pikel/+2 whip of flaming (2)]
  4794 | D:6      | 4794 ||| READING 2 scrolls of teleportation.
  4794 | D:6      | HP: 4/70 [Pikel/+2 whip of flaming (12)]
  4794 | D:6      | Slain by Pikel

Levels and vault maps discovered:
D:1:      onia_arrival_mini_maze_b, layout_loops_cross
D:2:      layout_loops_ring, uniq_jessica
D:3:      layout_rooms, amcnicky_altar_gilded, serial_shops,
          nicolae_shop_advertising_works [nicolae_subvault_shop_adworks],
          uniq_terence
D:4:      layout_basic, temple_pool_b, uniq_natasha, uniq_sigmund, uniq_grinder
D:5:      layout_rooms, nemelex_dance_club_becter,
          eino_small_chamber_without_monster
D:6:      nicolae_cairo_tiling_very_big, layout_cave_pools,
          mainiacjoe_overflow_paths, nicolae_overflow_hidden_temple,
          grunt_dithmenos_smoke, lemuel_round_altar, minitemple,
          gammafunk_ghost_grave, uniq_pikel
Temple:   hellmonk_temple_forest_ring

Skill      XL: |  1  2  3  4  5  6  7  8 |
---------------+-------------------------+-----
Ranged Weapons | 5 6 7 8 10 | 10.0
Fighting       | 3 4 5 6 |  6.0
Armour         | 1 4 |  4.4
Dodging        | 3 4 5 |  5.0
Stealth        | |  0.7

Action                     |  1- 3 |  4- 6 |  7- 9 || total
---------------------------+-------+-------+-------++-------
   Fire: Shortbow          |    90 |   157 |   157 ||   404
         Orcbow            |       |       |    29 ||    29
    Use: Potion            |     2 |     4 |     3 ||     9
         Scroll            |     1 |     5 |     3 ||     9
 Armour: Leather armour    |     5 |       |    11 ||    16
         Ring mail         |     4 |    12 |     2 ||    18
  Dodge: Dodged            |    20 |    28 |    62 ||   110

Table legend:
 A = Non-vault XP
 B = Vault XP
 C = Vault XP percentage of total XP
 D = Non-vault monster count
 E = Vault monster count
 F = Vault count percentage of total count
                 A         B        C        D         E       F
            +---------+---------+-------+---------+---------+-------
      Total |    1591 |     721 |  31.2 |     116 |       8 |   6.5
            +---------+---------+-------+---------+---------+-------
        D:1 |      31 |       1 |   3.1 |      18 |       1 |   5.3
        D:2 |      29 |      37 |  56.1 |      13 |       1 |   7.1
        D:3 |      68 |      36 |  34.6 |      19 |       1 |   5.0
        D:4 |     483 |     524 |  52.0 |      37 |       3 |   7.5
        D:5 |     245 |     123 |  33.4 |      11 |       2 |  15.4
        D:6 |     735 |       0 |   0.0 |      18 |       0 |   0.0
            +---------+---------+-------+---------+---------+-------
